Map: Ephemeron LE

Players

Clokworx

  • Race: Terran Terran
  • Spawn Location: 11:00

BobRoss

  • Race: Terran Terran
  • League: Platinum

VOD

Have the link to the VOD?

Description

Time

  • Played on: Nov. 23, 2019, 3:49 p.m.
  • Length: 11:08
Show
View Real Time Build Order
Export as new Build Order

Clokworx Terran 

Build Orders:  

Get SALT Encoding   

  12  0:02  SCV  
  13  0:24  Supply Depot  
  13  0:26  SCV  
  14  0:45  SCV  
  15  0:59  Barracks  
  15  1:09  SCV, Refinery  
  16  1:26  SCV  
  17  1:48  SCV  
  18  2:05  Orbital Command  
  19  2:21  Reaper  
  19  2:25  Command Center  
  19  2:43  SCV  
  20  3:00  SCV  
  21  3:17  SCV  
  22  3:21  Refinery  
  22  3:23  Supply Depot  
  22  3:29  Barracks Tech Lab  
  21  4:06  Marine  
  22  4:12  Orbital Command  
  22  4:29  Barracks  
  22  4:31  Marine  
  22  4:38  SCV  
  22  4:39  Factory  
  24  4:55  SCV  
  24  4:56  Marine  
  26  5:12  SCV  
  27  5:21  Marine  
  27  5:23  SCV  
  27  5:27  Stimpack  
  27  5:29  SCV  
  30  5:38  Barracks Reactor  
  35  5:40  SCV  
  30  5:46  Starport, Marine  
  32  5:51  Factory Tech Lab  
  32  5:56  SCV  
  33  6:00  SCV  
  34  6:13  SCV  
  34  6:17  SCV, Marine  
  34  6:18  Siege Tank  
  40  6:30  SCV, Marine  
  40  6:31  Marine  
  43  6:42  Marine  
  43  6:46  Medivac  
  46  7:15  Supply Depot  
  46  7:19  Supply Depot  
  46  7:20  Supply Depot  
  46  7:39  Barracks  
  46  7:45  Medivac, Siege Tank, SCV, Marine x2  
  46  7:46  Supply Depot  
  46  7:49  Marine  
  55  7:51  Supply Depot  
  55  7:54  Supply Depot  
  55  8:05  SCV x2  
  57  8:10  Marine x2  
  57  8:14  Marine  
  57  8:18  Supply Depot  
  60  8:22  SCV x2  
  62  8:36  Starport Reactor  
  62  8:39  SCV x2, Marine  
  65  8:48  Siege Tank  
  68  8:51  Supply Depot  
  68  8:53  Marine x2  
  68  8:56  SCV x2  
  68  8:57  Barracks Reactor, Barracks  
  72  9:04  Marine  
  73  9:13  SCV x2  
  73  9:18  Marine x2  
  77  9:25  Supply Depot  
  77  9:29  Marine  
  78  9:30  SCV x2  
  78  9:33  Supply Depot  
  80  9:41  Refinery  
  80  9:43  Refinery, Marine x2  
  82  9:54  Marine  
  82  9:56  Supply Depot  
  83  10:05  Supply Depot  
  83  10:08  Marine x2  
  85  10:18  Marine  
  85  10:29  Supply Depot  
  85  10:36  Supply Depot  
  85  11:00  Supply Depot  
Show
View Real Time Build Order
Export as new Build Order

BobRoss Terran 

Build Orders:  

Get SALT Encoding   

Tags
 
Add a new tag
Caveats
  • Supply blocks, unpowered buildings, or Contaminate may cause inaccurate times.
  • Supply counts are checked every 10 seconds.